 Dungeon Crawl Stone Soup version 0.18-a0-921-g28655ce (webtiles) character file.

252 JokEr the Skirmisher (level 6, -4/51 HPs)
             Began as a Formicid Fighter on Dec 27, 2015.
             Killed by nerve-wracking pain
             ... invoked by Grinder
              (10 damage)
             ... on level 4 of the Dungeon.
             The game lasted 00:11:46 (3544 turns).

JokEr the Skirmisher (Formicid Fighter)             Turns: 3544, Time: 00:11:47

Health: -4/51      AC:  6    Str: 22    XL:     6   Next: 36%
Magic:  6/6        EV:  8    Int:  8    God:
Gold:   117        SH:  9    Dex: 10    Spells: 0 memorised, 5 levels left

rFire  . . .     SeeInvis +     a - +0 long sword
rCold  . . .     Gourm    .     b - +0 scale mail
rNeg   . . .     Faith    .     c - +0 shield
rPois  .         Spirit   .     (helmet unavailable)
rElec  .         Dismiss  .     (no cloak)
rCorr  .         Reflect  .     (no gloves)
SustAt .         Harm     .     (no boots)
MR     .....                    (no amulet)
Stlth  ..........               (no ring)
                                e - ring of flight

@: not resistant to hostile enchantments, extremely unstealthy
A: permanent stasis, dig shafts and tunnels, four strong arms, antennae 3
a: Dig, Shaft Self, Evoke Flight


You were on level 4 of the Dungeon.
You were not hungry.

You visited 1 branch of the dungeon, and saw 4 of its levels.

You collected 117 gold pieces.

Inventory:

Hand Weapons
 a - a +0 long sword (weapon)
Armour
 b - a +0 scale mail (worn)
 c - a +0 shield (worn)
Jewellery
 e - a ring of flight (left hand)
Scrolls
 i - 2 scrolls of recharging {unknown}
 j - 2 scrolls of magic mapping {unknown}
Potions
 d - a potion of lignification {unknown}
 g - a potion of mutation {unknown}
 l - 2 potions of magic
 m - 2 potions of cancellation {unknown}
 n - a potion of flight {unknown}
 q - a potion of poison {unknown}
Books
 p - a book of Beasts

   Spells                             Type                      Level
   a - Summon Butterflies             Summoning                    1
   b - Call Canine Familiar           Summoning                    3
   c - Summon Ice Beast               Ice/Summoning                4
   d - Summon Mana Viper              Hexes/Summoning              5
   e - Summon Hydra                   Summoning                    7
Comestibles
 f - 2 bread rations
 h - 2 fruits
 k - a royal jelly
 o - a meat ration
 r - a beef jerky


   Skills:
 + Level 5.6 Fighting
 + Level 4.6 Long Blades
 - Level 3.2 Armour
 - Level 3.6 Shields


You had 5 spell levels left.
You didn't know any spells.

Dungeon Overview and Level Annotations

Branches:
Dungeon (4/15)
 Temple: D:4-7

Altars:
Cheibriados

Annotations:
D:4 Grinder


Innate Abilities, Weirdness & Mutations

You are under a permanent stasis effect.
You can dig through walls and to a lower floor.
Your four strong arms can wield two-handed weapons with a shield.
You have a pair of large antennae on your head (SInv).


Message History

Grinder gestures at you.
Your stasis keeps you stable.
Grinder closely misses you.
You completely miss Grinder.
Grinder is heavily wounded.
Grinder barely misses you.
You slash Grinder!
Grinder is severely wounded.
Grinder barely misses you.
You closely miss Grinder.
Grinder is severely wounded.
Grinder hits you.
* * * LOW HITPOINT WARNING * * *
You writhe in agony.
* * * LOW HITPOINT WARNING * * *
You slash Grinder!
Grinder is almost dead.
Grinder hits you but does no damage. Grinder gestures at you.
Pain shoots through your body!
You die...

[.......##....###### #..
####+#####....##..## #..
.##.........# #..
.............# .#..
.............# ..#.. .
####.##.##.### .# #..
#..####.##+##.###..###..
..............#.....+...
......5@......†.....#...
...##+####...###.####.##
###+# # #


You could see Grinder.

Vanquished Creatures
  Blork the orc (D:4)
  A worker ant (D:3)
  A hound zombie (D:4)
  Robin (D:2)
  7 adders
  An ooze (D:3)
  2 worms
  2 orcs (D:3)
  6 bats
  A giant cockroach (D:3)
  10 hobgoblins
  2 quokkas (D:3)
  5 ball pythons
  5 giant geckos
  3 giant newts
  9 goblins
  5 kobolds
  A quokka skeleton (D:4)
  5 rats
68 creatures vanquished.

Notes
Turn   | Place    | Note
--------------------------------------------------------------
     0 | D:1      | JokEr the Formicid Fighter began the quest for the Orb.
     0 | D:1      | Reached XP level 1. HP: 18/18 MP: 1/1
   305 | D:1      | Reached XP level 2. HP: 21/24 MP: 2/2
  1139 | D:2      | Found a snail-covered altar of Cheibriados.
  1227 | D:2      | Reached XP level 3. HP: 24/30 MP: 3/3
  1238 | D:2      | Reached skill level 4 in Fighting
  1331 | D:2      | Noticed Robin
  1368 | D:2      | Killed Robin
  1621 | D:2      | Reached XP level 4. HP: 33/37 MP: 4/4
  2143 | D:3      | Reached XP level 5. HP: 43/43 MP: 5/5
  2320 | D:3      | Reached skill level 5 in Fighting
  2844 | D:4      | Noticed Blork the orc
  2866 | D:4      | Killed Blork the orc
  2866 | D:4      | Reached XP level 6. HP: 10/51 MP: 6/6
  3497 | D:4      | Noticed Grinder
  3544 | D:4      | Killed from afar by Grinder

Vault maps used:
D:1:      mrwooster_arrival_statue_3
D:2:      cheibriados_altar_1, uniq_robin
D:3:      first_bread, grunt_ministairs_14
D:4:      uniq_blork_the_orc, uniq_grinder

Action                   |  1- 3 |  4- 6 || total
-------------------------+-------+-------++-------
Melee: Long sword        |   140 |   183 ||   323
 Abil: Dig               |     1 |       ||     1
  Use: Potion            |     1 |     2 ||     3
       Scroll            |       |     7 ||     7
  Eat: Chunk             |     3 |     2 ||     5
       Fruit             |       |     1 ||     1
       Bread ration      |       |     1 ||     1
